Map: Lightshade LE

Players

Reynor

  • Race: Zerg Zerg

Clem - Winner!

  • Race: Terran Terran

Event: DreamHack SC2 Masters 2021 Fall

VOD

Have the link to the VOD?

Description

Time

  • Played on: Aug. 14, 2021, 10:36 a.m.
  • Length: 13:30

All games in this series

Show
View Real Time Build Order
Export as new Build Order

Reynor Zerg 

Build Orders: Hatch First 

Get SALT Encoding   

  12  0:00  Drone  
  13  0:12  Overlord  
  13  0:16  Drone  
  14  0:30  Drone  
  14  0:31  Drone  
  16  0:48  Hatchery  
  15  0:51  Drone  
  15  0:55  Drone  
  17  0:58  Drone  
  18  1:08  Extractor  
  17  1:13  Spawning Pool  
  17  1:16  Drone  
  17  1:20  Drone  
  18  1:27  Drone  
  19  1:38  Drone  
  20  1:49  Overlord  
  20  1:59  Queen x2  
  20  2:00  Zergling x4  
  26  2:10  Drone  
  26  2:11  Drone  
  26  2:12  Metabolic Boost  
  28  2:21  Drone x2  
  30  2:29  Spore Crawler  
  30  2:38  Queen  
  30  2:39  Queen  
  30  2:41  Overlord  
  30  2:42  Drone  
  35  2:47  Drone  
  35  2:59  Drone x3  
  38  3:08  Hatchery, Overlord  
  38  3:10  Drone  
  38  3:15  Drone x2  
  38  3:17  Drone  
  38  3:19  Drone  
  42  3:23  Overlord  
  42  3:29  Queen  
  42  3:30  Zergling x2  
  44  3:36  Evolution Chamber  
  44  3:38  Zergling x4  
  45  3:48  Drone x4  
  48  3:52  Drone  
  47  3:59  Zergling x4  
  47  4:02  Drone  
  49  4:05  Drone  
  49  4:06  Drone  
  51  4:11  Drone  
  52  4:17  Queen  
  52  4:19  Lair  
  54  4:26  Spore Crawler  
  54  4:27  Drone  
  54  4:28  Spore Crawler  
  54  4:29  Drone  
  54  4:30  Drone  
  55  4:32  Drone  
  55  4:34  Drone  
  55  4:35  Drone  
  58  4:39  Baneling Nest  
  57  4:46  Drone x3  
  57  4:48  Spore Crawler  
  57  4:50  Extractor  
  58  4:53  Overlord  
  58  4:58  Drone  
  58  4:59  Zergling x4  
  62  5:00  Zergling x2  
  62  5:01  Drone x2  
  62  5:02  Drone  
  62  5:03  Drone  
  62  5:05  Overlord  
  66  5:09  Overlord  
  66  5:12  Drone x2  
  68  5:15  Drone  
  68  5:16  Overseer, Drone  
  70  5:24  Drone, Overlord  
  70  5:25  Drone x3  
  70  5:26  Drone  
  75  5:28  Drone  
  75  5:30  Drone x2  
  75  5:35  Overlord  
  77  5:44  Drone x3  
  77  5:49  Centrifical Hooks  
  79  5:50  Drone x2  
  79  5:52  Drone  
  79  5:53  Drone  
  79  5:54  Hatchery, Drone  
  79  5:56  Drone  
  84  5:58  Drone x3  
  87  6:04  Drone x2  
  87  6:05  Extractor  
  87  6:06  Extractor  
  87  6:07  Evolution Chamber x2  
  85  6:11  Overlord  
  84  6:21  Drone  
  84  6:22  Zergling x4  
  84  6:24  Drone x8  
  94  6:27  Zergling x2  
  94  6:31  Zergling x4  
  96  6:33  Zergling x4  
  96  6:36  Zerg Melee Weapons Level 1, Zerg Ground Armor Level 1, Zergling x2  
  96  6:38  Zergling x2  
  100  6:40  Zergling x2  
  100  6:42  Queen  
  100  6:45  Zergling x6  
  106  6:48  Overlord  
  106  6:49  Overlord  
  106  6:51  Overlord  
  105  6:55  Baneling x4  
  105  6:59  Zergling x2  
  106  7:01  Overlord  
  106  7:04  Zergling x2  
  106  7:06  Overlord  
  105  7:10  Baneling x3  
  105  7:11  Baneling x4, Drone x3  
  105  7:14  Zergling x2  
  105  7:15  Zergling x14  
  115  7:18  Drone x3  
  115  7:19  Zergling x2  
  115  7:22  Zergling x2  
  120  7:24  Queen  
  120  7:26  Spore Crawler, Zergling x4  
  120  7:27  Zergling x2  
  123  7:31  Overlord  
  123  7:34  Zergling x6  
  123  7:43  Zergling x8  
  127  7:47  Baneling x7  
  124  7:54  Drone x6, Infestation Pit  
  124  7:56  Zergling x8  
  124  7:57  Baneling  
  124  7:58  Overseer, Baneling x3  
  133  8:04  Zergling x6  
  133  8:05  Zergling x4  
  133  8:06  Baneling x6  
  131  8:14  Zergling x6  
  131  8:16  Zergling x6  
  131  8:20  Zergling x4  
  131  8:24  Zergling x6  
  136  8:28  Pneumatized Carapace  
  136  8:29  Zergling x6  
  136  8:30  Baneling x10  
  136  8:32  Zergling x4  
  141  8:38  Zergling x2  
  141  8:39  Zergling x2  
  138  8:42  Hatchery  
  138  8:43  Zergling x4  
  138  8:46  Zergling x8  
  140  8:50  Zergling x8  
  143  8:55  Zerg Ground Armor Level 2  
  143  8:57  Overlord x2  
  143  8:59  Extractor, Overlord  
  141  9:05  Overlord  
  130  9:11  Zergling x8  
  130  9:13  Zergling x6  
  130  9:15  Hive  
  130  9:16  Zergling x2  
  133  9:19  Drone  
  133  9:20  Drone  
  133  9:21  Queen  
  133  9:22  Zergling x2  
  127  9:28  Zergling x6  
  127  9:30  Zergling x8  
  134  9:33  Zergling x6  
  134  9:34  Zergling x2  
  134  9:37  Zergling x2  
  133  9:38  Baneling  
  133  9:39  Baneling x6  
  133  9:40  Zergling x4  
  133  9:48  Zergling x10  
  133  9:50  Zergling x2  
  130  9:53  Zergling x2  
  122  10:00  Zergling x8  
  122  10:01  Zerg Melee Weapons Level 2  
  122  10:03  Queen  
  122  10:06  Zergling x8  
  132  10:09  Baneling x11  
  132  10:13  Zergling x6  
  135  10:16  Zergling x8  
  135  10:20  Zergling x2  
  137  10:25  Zergling x8  
  137  10:28  Drone x4  
  141  10:32  Zergling x2  
  141  10:33  Zergling x8  
  141  10:34  Zergling x2  
  135  10:39  Baneling x6, Ultralisk Cavern  
  135  10:41  Zergling x10  
  135  10:42  Zergling x4  
  140  10:44  Zergling x2, Queen  
  140  10:48  Zergling x4  
  140  10:49  Zergling x4  
  143  10:52  Zergling x2  
  141  10:58  Baneling x6  
  141  10:59  Drone x6  
  141  11:02  Zergling x8  
  143  11:04  Drone  
  143  11:06  Baneling  
  143  11:07  Zergling x6, Baneling x3  
  143  11:08  Drone x2  
  143  11:09  Drone  
  150  11:18  Zergling x8  
  150  11:19  Zergling x2  
  150  11:24  Baneling x9  
  155  11:27  Zergling x10  
  155  11:30  Hatchery  
  151  11:34  Zergling x16  
  151  11:36  Baneling  
  151  11:37  Baneling x6  
  145  11:41  Zergling x8  
  145  11:42  Zergling x4  
  125  11:57  Chitinous Plating  
  122  12:03  Zergling x24  
  132  12:18  Ultralisk  
  132  12:20  Spawning Pool  
  132  12:22  Drone x3  
  137  12:36  Ultralisk  
  132  12:52  Drone x2  
  132  12:53  Drone  
  138  13:11  Zergling x22  
  138  13:12  Zergling x22  
Show
View Real Time Build Order
Export as new Build Order

Clem Terran - Winner!

Build Orders: Gas First Reaper Expand, Hellion Banshee 

Get SALT Encoding   

  12  0:00  SCV  
  13  0:12  SCV  
  14  0:17  Supply Depot  
  14  0:24  SCV  
  15  0:30  Refinery  
  15  0:39  SCV  
  16  0:43  Barracks  
  16  0:51  SCV  
  17  1:03  SCV  
  18  1:15  SCV  
  19  1:29  Reaper  
  19  1:30  Orbital Command  
  20  1:40  Command Center  
  20  1:52  Factory  
  20  1:56  SCV  
  21  2:06  Barracks Reactor  
  22  2:08  SCV  
  22  2:11  Supply Depot  
  22  2:17  Refinery  
  22  2:20  SCV  
  23  2:32  SCV  
  24  2:43  Starport  
  24  2:44  SCV  
  24  2:48  Hellion x2  
  29  2:54  Orbital Command  
  29  2:57  SCV  
  30  3:01  Barracks Tech Lab  
  30  3:09  SCV, Hellion  
  35  3:13  Hellion  
  35  3:19  SCV  
  36  3:21  SCV  
  36  3:26  Supply Depot  
  37  3:30  Banshee  
  37  3:31  SCV  
  40  3:37  Cloaking Field  
  40  3:39  SCV  
  41  3:43  SCV  
  41  3:44  Hellion  
  41  3:46  Hellion  
  44  3:51  SCV, Barracks Tech Lab  
  43  3:56  SCV  
  43  4:02  Supply Depot  
  44  4:04  SCV  
  44  4:05  Hellion  
  44  4:07  Hellion  
  44  4:08  SCV  
  50  4:13  Banshee  
  50  4:17  SCV  
  54  4:24  SCV  
  55  4:25  Supply Depot  
  55  4:29  SCV  
  56  4:32  Command Center  
  56  4:34  Stimpack  
  56  4:37  SCV  
  57  4:41  SCV  
  57  4:42  Marine  
  59  4:46  Factory Reactor  
  59  4:49  SCV  
  59  4:52  Barracks  
  60  4:53  SCV  
  60  4:56  Barracks  
  61  5:00  Marine  
  61  5:02  SCV  
  61  5:05  Supply Depot, SCV  
  61  5:06  Starport Reactor  
  64  5:12  Engineering Bay x2  
  64  5:15  Refinery x2  
  64  5:16  SCV  
  64  5:17  Marine  
  64  5:18  SCV  
  65  5:29  SCV, Supply Depot  
  65  5:31  SCV  
  65  5:33  Factory Reactor  
  65  5:35  Marine  
  64  5:39  Terran Infantry Armor Level 1, Terran Infantry Weapons Level 1  
  64  5:40  Marine x2  
  67  5:46  Orbital Command  
  67  5:47  SCV  
  67  5:49  SCV  
  69  5:51  Marine x2  
  69  5:52  Medivac  
  69  5:54  Medivac  
  76  5:58  Marine  
  76  6:02  Barracks  
  76  6:03  Barracks  
  76  6:05  Marine x2  
  76  6:07  SCV  
  76  6:10  SCV  
  80  6:13  Combat Shield  
  80  6:17  Orbital Command, Widow Mine x2  
  84  6:19  Marine x2, SCV, Supply Depot  
  84  6:22  Marine  
  84  6:24  Marine x2  
  84  6:25  SCV  
  91  6:27  Medivac  
  91  6:29  Medivac  
  95  6:34  SCV  
  95  6:36  Marine, Supply Depot  
  95  6:37  Marine  
  98  6:41  SCV  
  98  6:43  Supply Depot  
  98  6:44  SCV  
  98  6:46  Marine, SCV  
  102  6:50  Barracks Reactor  
  102  6:51  Barracks Reactor, Marine  
  102  6:53  SCV  
  104  6:55  Marine x2  
  104  6:57  Widow Mine  
  104  6:58  Widow Mine  
  110  7:01  Supply Depot  
  110  7:04  SCV x2  
  110  7:05  SCV  
  110  7:06  Medivac  
  114  7:08  Medivac  
  114  7:09  Marine  
  114  7:14  Armory  
  117  7:16  SCV  
  117  7:17  Marine  
  117  7:18  Refinery  
  117  7:21  Marine  
  117  7:22  Supply Depot  
  120  7:25  SCV x2, Supply Depot  
  120  7:27  Marine  
  120  7:28  Marine, SCV  
  124  7:36  Supply Depot  
  122  7:37  Supply Depot x2, SCV  
  122  7:39  Widow Mine  
  122  7:43  Marine x2, Factory  
  127  7:45  SCV  
  127  7:46  SCV  
  127  7:50  Marine x2  
  131  7:54  Widow Mine  
  131  7:56  Supply Depot  
  131  7:58  Marine x5, Medivac x2  
  139  8:03  Supply Depot  
  139  8:05  Terran Infantry Weapons Level 2  
  141  8:11  Terran Infantry Armor Level 2  
  138  8:12  Marine  
  138  8:13  Marine x3  
  138  8:15  Widow Mine  
  138  8:16  SCV  
  139  8:21  Marine  
  139  8:23  Marine x2  
  139  8:25  Marine x2  
  143  8:28  SCV  
  143  8:30  Marine  
  143  8:31  Marine, Refinery, Drilling Claws  
  143  8:32  Marine, Widow Mine x2  
  144  8:35  Marine  
  144  8:39  Marine  
  144  8:41  Marine  
  143  8:42  Widow Mine  
  143  8:47  Command Center  
  141  8:49  SCV x2  
  141  8:50  Orbital Command  
  141  8:52  Marine  
  141  8:54  Widow Mine x2  
  141  8:55  Supply Depot, Medivac  
  150  8:56  Marine x2  
  150  8:58  Medivac  
  150  9:01  Marine x2  
  156  9:03  Marine x2  
  156  9:09  SCV  
  146  9:10  SCV  
  146  9:15  Widow Mine x2  
  146  9:16  Marine x2  
  145  9:17  Marine  
  145  9:18  Marine  
  145  9:19  Marine, Widow Mine  
  145  9:21  Marine x2, SCV  
  153  9:25  Marine x2  
  153  9:27  SCV  
  156  9:34  Marine x2  
  156  9:35  Marine  
  156  9:36  Widow Mine  
  156  9:38  Sensor Tower, Widow Mine  
  161  9:39  Marine x3  
  161  9:45  Medivac x2  
  168  9:50  Marine, Widow Mine  
  165  9:53  Marine x2  
  165  9:54  Marine x2  
  165  9:57  Marine  
  165  9:59  Marine x2  
  162  10:03  SCV x3  
  162  10:06  Widow Mine  
  167  10:10  Widow Mine  
  167  10:11  Marine x3, Marauder  
  167  10:12  Marine  
  167  10:14  Marine  
  175  10:15  Marine, Medivac  
  175  10:17  Marine  
  175  10:19  Widow Mine  
  181  10:21  Marine  
  181  10:27  Widow Mine  
  184  10:28  Medivac  
  184  10:29  Marine  
  184  10:32  Marauder  
  184  10:33  Planetary Fortress  
  171  10:35  SCV  
  171  10:36  SCV  
  171  10:37  SCV  
  171  10:40  Marine  
  172  10:45  Medivac  
  172  10:48  SCV x2, Widow Mine  
  172  10:49  Marine x3  
  173  10:50  Marine, Widow Mine  
  173  10:51  Widow Mine  
  173  10:52  Marine  
  177  10:59  Barracks  
  177  11:00  Barracks  
  177  11:03  Marine x2, Marauder  
  175  11:09  Widow Mine, Liberator  
  175  11:10  Marine  
  175  11:11  Marine  
  182  11:12  Marine  
  182  11:13  Marine  
  182  11:14  Marine x2  
  188  11:18  Widow Mine  
  188  11:26  Marine x2  
  188  11:27  Marauder  
  188  11:35  Marine x2  
  188  11:39  Marine  
  188  11:40  Widow Mine  
  188  11:41  Widow Mine x2  
  188  11:44  Marine  
  179  11:49  Orbital Command  
  167  11:59  Marine  
  167  12:00  Marine x2  
  164  12:02  Marine x3, Liberator  
  164  12:04  Widow Mine  
  164  12:05  Widow Mine, Marauder  
  164  12:07  Command Center  
  164  12:09  Widow Mine  
  164  12:18  Marine x2  
  164  12:21  Marine x2, SCV  
  164  12:27  Marine x2  
  164  12:31  Marine  
  164  12:33  Marine  
  164  12:34  SCV x2, Marauder  
  164  12:37  Marine  
  164  12:43  Marine, Liberator  
  164  12:44  Supply Depot, Widow Mine  
  164  12:45  Marine x6, Sensor Tower, SCV  
  164  12:46  Supply Depot x2, Widow Mine x2  
  164  12:49  Marine  
  164  12:51  Marine  
  176  12:54  Marine  
  176  12:56  Marauder  
  179  12:58  Orbital Command  
  179  13:01  Marine  
  180  13:05  Marine x4  
  180  13:06  Widow Mine  
  180  13:08  Widow Mine x2, Barracks Tech Lab x2, Command Center  

Tags
 
Add a new tag
Caveats
  • Supply blocks, unpowered buildings, or Contaminate may cause inaccurate times.
  • Supply counts are checked every 10 seconds.